 Dungeon Crawl Stone Soup version 0.20.0-8-g6b59dc7 (webtiles) character file.

93 grindst0ne the Skirmisher (level 4, 0/31 HPs)
             Began as a Gargoyle Fighter on May 31, 2017.
             Slain by a hobgoblin
             ... wielding a +0 club
              (1 damage)
             ... on level 2 of the Dungeon.
             The game lasted 00:02:45 (1622 turns).

grindst0ne the Skirmisher (Gargoyle Fighter)        Turns: 1622, Time: 00:02:46

Health: 0/31       AC: 10    Str: 20    XL:     4   Next: 61%
Magic:  4/4        EV:  7    Int:  6    God:
Gold:   95         SH:  9    Dex: 10    Spells: 3/3 levels left

rFire    . . .     SeeInvis .   a - +0 flail
rCold    . . .     Gourm    .   c - +0 shield
rNeg     + . .     Faith    .   b - +0 scale mail
rPois    ∞         Spirit   .   (no helmet)
rElec    +         Reflect  .   (no cloak)
rCorr    .         Harm     .   (no gloves)
MR       +....                  (no boots)
Stlth    ..........             (no amulet)
Regen    0.1/turn               k - -2 ring of intelligence (curse)
MPRegen  0.1/turn               n - ring of protection from magic

@: no status effects
A: negative energy resistance 1, electricity resistance, unbreathing,
petrification resistance, rot immunity, AC +3
a: no special abilities


You were on level 2 of the Dungeon.
You were hungry.

You visited 1 branch of the dungeon, and saw 2 of its levels.

You collected 95 gold pieces.

Inventory:

Hand Weapons
 a - a +0 flail (weapon)
Armour
 b - a +0 scale mail (worn)
 c - a +0 shield (worn)
Jewellery
 k - a cursed -2 ring of intelligence (left hand)
 n - a ring of protection from magic (right hand)
Scrolls
 h - a scroll of identify {unknown}
 l - a scroll of amnesia {unknown}
 m - a scroll of enchant weapon {unknown}
 q - a scroll of noise {unknown}
Potions
 d - 2 potions of might
 e - a potion of cancellation {unknown}
 g - a potion of flight {unknown}
 p - a potion of resistance {unknown}
Comestibles
 f - 2 bread rations
 i - a royal jelly
 j - a meat ration
 o - a chunk of flesh


   Skills:
 - Level 5.3 Fighting
 - Level 2.0 Maces & Flails
 + Level 3.8 Armour
 - Level 3.2 Shields


You had 3 spell levels left.
You didn't know any spells.

Dungeon Overview and Level Annotations

Branches:
Dungeon (2/15)

Altars:
Okawaru

Annotations:
D:2 Natasha


Innate Abilities, Weirdness & Mutations

You are resistant to torment.
Your stone body is resilient. (AC +3)
You are immune to poison.
You resist negative energy. (rN+)
You are resistant to electric shocks. (rElec)
You can survive without breathing.
You are immune to petrification.
You are immune to rotting.


Message History

The bat closely misses you. The bat hits you but does no damage.
You block the bat's attack. You block the bat's attack.
The bat hits you but does no damage. x2
The bat hits you but does no damage. You block the bat's attack.
You hit the bat but do no damage. The bat hits you but does no damage.
The bat closely misses you.
You see here 19 stones.
The bat barely misses you. The bat hits you but does no damage.
You sock the bat!
You kill the bat!
Natasha, Servant of Life and Death comes into view.
Natasha hisses angrily.
Natasha casts a spell at you. The magic dart hits you!
* * * LOW HITPOINT WARNING * * *
The hobgoblin hits you with a club.
You die...

.........(...#######....#.#
..........................##
.............#######.......#
.............##......###...#
................###### #...#
..........[..#### ##.#......
..............#########..#.#####
...##.........h..g.......#.#
..######.#######@.....##.#.###
########.## ######.##.....#
#....<..)<# #...###..
#.........# ##.#.......
#.........# ##..########
#######).## ##..## ##.# ##g.##
..># #.(## ###.# #.##


You could see Natasha and a hobgoblin.

Vanquished Creatures
  Natasha (twice) (D:2)
  2 oozes (D:1)
  A worm (D:2)
  A leopard gecko (D:1)
  6 goblins
  5 hobgoblins (D:1)
  4 bats
  7 kobolds
  4 rats
32 creatures vanquished.

Notes
Turn   | Place    | Note
-------+----------+-------------------------------------------
     0 | D:1      | grindst0ne the Gargoyle Fighter began the quest for the Orb.
     0 | D:1      | Reached XP level 1. HP: 14/14 MP: 1/1
   164 | D:1      | Reached XP level 2. HP: 10/20 MP: 2/2
   215 | D:1      | Reached skill level 4 in Fighting
   678 | D:1      | Reached XP level 3. HP: 23/24 MP: 3/3
  1135 | D:2      | Noticed Natasha
  1362 | D:2      | Killed Natasha
  1362 | D:2      | Reached skill level 5 in Fighting
  1362 | D:2      | Reached XP level 4. HP: 17/31 MP: 4/4
  1578 | D:2      | Found an iron altar of Okawaru.
  1584 | D:2      | Noticed Natasha
  1594 | D:2      | Killed Natasha
  1618 | D:2      | Noticed Natasha
  1620 | D:2      | HP: 1/31 [Natasha/magic dart (6)]
  1622 | D:2      | Slain by a hobgoblin

Skill      XL: |  1  2  3 |
---------------+----------+-----
Fighting       | 4 5 |  5.3
Maces & Flails | |  2.0
Armour         | |  3.8
Shields        | |  3.2

Action                   |  1- 3 |  4- 6 || total
-------------------------+-------+-------++-------
Melee: Flail             |   110 |    19 ||   129
  Eat: Fruit             |       |     1 ||     1
       Chunk             |       |     1 ||     1
Armor: Scale mail        |    50 |    11 ||    61
Dodge: Dodged            |    34 |    12 ||    46
Block: Shield            |    57 |    11 ||    68
